 Dungeon Crawl Stone Soup version 0.30-a0-757-ga6a79fd877 (webtiles) character file.

Game seed: 2539978402791045551

90 sircluck the Chopper (level 4, -3/40 HPs)
             Began as a Hill Orc Fighter on Feb 9, 2023.
             Was an Initiate of Beogh.
             Slain by an iguana (10 damage)
             ... on level 5 of the Dungeon.
             The game lasted 00:03:03 (961 turns).

sircluck the Chopper (Hill Orc Fighter)              Turns: 961, Time: 00:03:04

Health: -3/40      AC:  7    Str: 20    XL:     4   Next: 56%
Magic:  4/4        EV:  9    Int:  8    God:    Beogh [......]
Gold:   37         SH:  4    Dex: 10    Spells: 3/3 levels left

rFire   . . .      SeeInvis .    a - +0 war axe
rCold   . . .      Faith    .    c - +0 buckler
rNeg    . . .      Spirit   .    b - +0 scale mail
rPois   .          Reflect  .    (no helmet)
rElec   .          Harm     .    (no cloak)
rCorr   .          Rampage  .    (no gloves)
Will    .....                    (no boots) Stlth
                                 (no amulet)
HPRegen 0.26/turn                (no ring)
MPRegen 0.09/turn                (no ring)

@: no status effects
A: no striking features
a: Renounce Religion


You were on level 5 of the Dungeon.
You worshipped Beogh.
Beogh was noncommittal.
You visited 1 branch of the dungeon, and saw 5 of its levels.

You collected 37 gold pieces.

Inventory:

Hand Weapons
 a - a +0 war axe (weapon)
 m - a +1 dagger of electrocution
Missiles
 l - 8 stones (quivered)
Armour
 b - a +0 scale mail (worn)
 c - a +0 buckler (worn)
Jewellery
 e - a ring of poison resistance
 g - an amulet of regeneration
Scrolls
 h - 2 scrolls of identify
 i - a scroll of blinking
 n - a scroll of immolation {unknown}
 o - a scroll of magic mapping {unknown}
Potions
 d - a potion of might
 f - a potion of invisibility {unknown}
 j - a potion of lignification {unknown}


   Skills:
 + Level 4.2 Fighting
 + Level 4.6 Axes
 + Level 3.8 Armour
 + Level 0.3 Dodging
 + Level 3.6 Shields


You had 3 spell levels left.
You didn't know any spells.
Your spell library was empty.

Dungeon Overview and Level Annotations

Branches:
Dungeon (5/15)
 Temple: D:4-7

Altars:
Sif Muna

Annotations:
D:4 Grinder


Message History

An iguana comes into view.
You barely miss the black bear.
The black bear is severely wounded.
The black bear closely misses you. The black bear barely misses you.
The black bear claws you.
You closely miss the black bear.
The black bear is severely wounded.
The black bear closely misses you.
The black bear claws you but does no damage. x2
You barely miss the black bear.
The black bear is severely wounded.
The black bear bites you! The black bear closely misses you.
The black bear claws you. You block the black bear's attack.
The black bear closely misses you. The black bear claws you.
You are too injured to fight recklessly!
You are too injured to fight recklessly!
You are too injured to fight recklessly!
You are too injured to fight recklessly!
You are too injured to fight recklessly!
You are too injured to fight recklessly!
You are too injured to fight recklessly!
You are too injured to fight recklessly!
You are too injured to fight recklessly!
You are too injured to fight recklessly!
You are too injured to fight recklessly!
You hit the black bear.
The black bear is almost dead.
The black bear bites you.
* * * LOW HITPOINT WARNING * * *
The black bear claws you.
* * * LOW HITPOINT WARNING * * *
The black bear barely misses you.
You slash the black bear!
You kill the black bear!
Beogh accepts your kill.
You have reached level 4!
You hit the iguana.
The iguana is moderately wounded.
The iguana bites you!
You die...

#... #...$.#.### #.##
#...# ##...##.### #....
###...# ##.......# .....
......#####.###.#.#......
...g...!.##.###.#.#......
...g##.h........)........
....o)ยง#.##.##.##.#
....####.##.##.##.#
.o.).....##....l@.#
..W..#########.####
...#.# # ####.# .# .. ..
... ...


You could see an iguana.

Vanquished Creatures
  A black bear (D:5)
  A gnoll (D:5)
  2 worms
  2 orcs (D:5)
  3 bats
  2 endoplasms
  A giant cockroach (D:4)
  A goblin (D:3)
  3 hobgoblins
  A kobold (D:2)
  3 quokkas
  2 ball pythons
  2 frilled lizards
  2 rats (D:3)
26 creatures vanquished.

Vanquished Creatures (others)
  A lemure (D:5)
  2 gnolls (D:5)
  3 orcs (D:5)
6 creatures vanquished.

Grand Total: 32 creatures vanquished

Notes
Turn   | Place    | Note
-------+----------+-------------------------------------------
     0 | D:1      | sircluck the Hill Orc Fighter began the quest for the Orb.
     0 | D:1      | Reached XP level 1. HP: 19/19 MP: 1/1
   137 | D:1      | Reached XP level 2. HP: 24/27 MP: 2/2
   332 | D:3      | Found a shimmering blue altar of Sif Muna.
   511 | D:3      | Reached XP level 3. HP: 32/33 MP: 3/3
   796 | D:4      | Noticed Grinder
   821 | D:4      | Paralysed by Grinder for 3 turns
   825 | D:4      | Noticed a phantom
   837 | D:5      | Entered Level 5 of the Dungeon
   837 | D:5      | Noticed a black bear
   838 | D:5      | Became a worshipper of Beogh the Brigand
   908 | D:5      | Killed a lemure
   960 | D:5      | Killed a black bear
   961 | D:5      | Reached XP level 4. HP: 6/40 MP: 4/4
   961 | D:5      | Slain by an iguana

Illustrated notes

Levels and vault maps discovered:
D:1:      lemuel_arrival_river_bridge, layout_loops_ring, nrook_loot_triangle
D:2:      layout_loops_ring
D:3:      kennysheep_goblin_castle, layout_basic, nicolae_sif_muna_condensation,
          hellmonk_ecumenical_altar_run_dry
D:4:      layout_loops_corners, uniq_ijyb, uniq_grinder
D:5:      layout_loops_cross, gammafunk_ghost_necromancy, uniq_menkaure,
          uniq_pikel

Skill      XL: |  1  2  3 |
---------------+----------+-----
Axes           | 3 4 |  4.6
Fighting       | 4 |  4.2
Armour         | |  3.8
Dodging        | |  0.3
Shields        | |  3.6

Action                     |  1- 3 |  4- 6 || total
---------------------------+-------+-------++-------
  Melee: War axe           |    53 |     1 ||    54
 Invoke: Convert to Beogh  |     1 |       ||     1
    Use: Scroll            |     2 |       ||     2
 Armour: Scale mail        |    30 |       ||    30
  Dodge: Dodged            |    32 |       ||    32
  Block: Buckler           |    15 |       ||    15

Table legend: (Time is in decaauts)
 A = Elapsed time spent in this place.
 B = Non-inter-level travel time spent in this place.
 C = Inter-level travel time spent in this place.
 D = Time resting spent in this place.
 E = Time spent auto-exploring this place.
 F = Levels seen in this place.
 G = Mean time per level.
                   A        B        C        D        E       F      G
               +--------+--------+--------+--------+--------+-----+--------+
         Total |    980 |    940 |     40 |     94 |    560 |   5 |  196.0 |
       Dungeon |    980 |    940 |     40 |     94 |    560 |   5 |  196.0 |
               +--------+--------+--------+--------+--------+-----+--------+

Top non-repeatable levels by time:
     D:3: 454 daAuts
     D:1: 141 daAuts
     D:4: 133 daAuts
     D:5: 127 daAuts
     D:2: 123 daAuts
